Megumin, chaotic female elven Wizard --------- ------ |.......-# |`... |....<..| |.... |.......-# |...- ---------### |.Z.| # |..`| ### |...| # |...--- - | ############g@.%%..*.....| |`.........`| ------------- Megumin the Thaumaturge Experience level: 9 Strength: 13 Dexterity: 15 Constitution: 16 Intelligence: 18 Wisdom: 10 Charisma: 11 Health: 0(61) Energy: 24(92) AC: 9 Gold: 527 Moves: 4728 Your Inventory: Coins $ - 527 gold pieces Weapons y - 2 [blessed] +0 daggers E - 11 [uncursed] +0 daggers (in quiver) F - an [uncursed +1] elven dagger named Sting [Sting] (weapon in hand) Armor b - a blessed +0 cloak of magic resistance (being worn) Comestibles o - 2 [uncursed] fortune cookies r - an [uncursed] lichen corpse Scrolls j - a blessed scroll of confuse monster k - an uncursed scroll of gold detection p - a cursed scroll of enchant armor q - an [uncursed] unlabeled scroll [of blank paper] t - a [cursed] scroll of enchant weapon P - a [blessed] scroll of enchant weapon Spellbooks l - a blessed spellbook of force bolt m - an uncursed spellbook of jumping D - an [uncursed] spellbook of fireball O - a [blessed] spellbook of knock Potions g - 2 uncursed potions of speed h - an uncursed potion of sickness H - a [cursed] potion of oil Rings d - an uncursed +3 ring of gain constitution (on right hand) e - an uncursed ring of conflict u - an [uncursed] ring of conflict Wands c - a blessed wand of undead turning (0:6) z - an [uncursed] wand of digging (0:0) Tools n - an uncursed tooled horn I - an uncursed sack Spells known in the end: Name Level Category Fail Memory a - force bolt 1 attack 0% [|||||||.] b - jumping 1 escape 0% [|||||||.] c - fireball 4 attack 0% [|||||||.] d - knock 1 matter 0% [||||||||] Your skills at the end: Fighting Skills Weapon Skills dagger [Skilled / Expert] quarterstaff [Basic / Expert] Spellcasting Skills attack spells [Skilled / Expert] enchantment spells [Basic / Skilled] Final Attributes: You were piously aligned. Hunger level was 548. Your alignment was 33 / 33. Monster difficulty range was 0 - 7. Level difficulty was 5. You were immune to sleep. You were magic-protected. You saw invisible. You were aware of the presence of orcs. You had infravision. Your luck was zero. You are dead. Vanquished creatures: 3 wargs a tengu a succubus 2 wolves a lynx a leprechaun 3 orc-captains a giant spider a vampire bat a dwarf lord 2 snow ants a wood nymph a mountain nymph 2 Mordor orcs an Uruk-hai 2 orc shamans a rock piercer a pony a fog cloud 5 gnome lords a kobold mummy an elf zombie a giant ant a kitten 6 dwarves 4 hill orcs 2 rothes a centipede a monkey 2 orc zombies an iguana 2 killer bees a gas spore 4 hobbits a green mold a red mold 35 gnomes 5 garter snakes 3 jackals a fox 12 goblins 3 sewer rats 3 grid bugs 4 lichens 5 kobold zombies 3 newts 136 creatures vanquished. Voluntary challenges: You used a wielded weapon 39 times. You read items or engraved 12 times. You put on armor 3 times. You never genocided any monsters. You never polymorphed an object. You never changed form. You used no wishes. You wrote Elbereth's name 7 times. You encountered 2 bones levels. You never used any Sokoban shortcuts. Dungeon overview: The Dungeons of Doom: levels 1 to 5 Level 1 some fountains a long staircase Level 2 a sink Level 3 a fountain stairs to The Gnomish Mines Level 8 <- You were here The Gnomish Mines: levels 4 to 7 Level 4 stairs to The Dungeons of Doom Level 6 a temple, a magic chest, a fountain History has recorded: On T:1 you entered the Dungeons of Doom to retrieve the Amulet of Yendor! On T:168 you reached level 2 of The Dungeons of Doom. On T:623 you advanced to experience level 2. On T:737 you reached level 3 of The Dungeons of Doom. On T:923 you advanced to experience level 3. On T:1013 you reached level 1 of The Gnomish Mines. On T:1021 you advanced to experience level 4. On T:1022 you advanced to experience level 5. On T:1518 you advanced to experience level 6. On T:1536 you reached level 2 of The Gnomish Mines. On T:1855 you reached level 3 of The Gnomish Mines. On T:2160 you reached level 4 of The Gnomish Mines. On T:2186 you advanced to experience level 7. On T:2329 you advanced to experience level 8. On T:4349 you advanced to experience level 9. On T:4475 you reached level 4 of The Dungeons of Doom. On T:4667 you reached level 5 of The Dungeons of Doom. Latest messages: The warg is caught in the fireball! (5x) You kill the warg! The warg is caught in the fireball! (2x) You kill the warg! E - a +0 dagger (in quiver). You see here a warg corpse. [HP+1=14] E - 2 +0 daggers (in quiver). P - a scroll of enchant weapon. You see here a warg corpse. This warg corpse tastes terrible! [HP+1=15] You stop eating the warg corpse. [4 turns] [HP+1=16] You hit the gargoyle. The gargoyle hits! (2x) The gargoyle bites! You die... The sack is empty. Final status: Goodbye Megumin the Wizard... You died in The Dungeons of Doom on dungeon level 5 with 7915 points, and 527 pieces of gold, after 4728 moves. You were level 9 with a maximum of 61 hit points when you died.